[Event "Hungarian Youth-ch U14 2022"]
[Site "Eger"]
[Date "2022.07.23"]
[Round "1.1"]
[White "Bodrogi, Bendeguz"]
[Black "Szegedy, Matyas"]
[Result "1-0"]
[ECO "E05"]
[WhiteElo "2170"]
[BlackElo "2152"]
[Annotator "TA"]
[PlyCount "57"]
[EventDate "2022.07.21"]
[EventType "tourn"]
[EventCountry "HUN"]
[SourceTitle "playchess.com"]
[Source "ChessBase"]
[SourceQuality "1"]
[TimeControl "40/5400+30:1800+30"]

1. d4 Nf6 2. c4 e6 3. Nf3 d5 4. g3 dxc4 5. Bg2 Be7 6. O-O O-O 7. Na3 c5 8. Nxc4 Nc6 9. dxc5 Bxc5 10. a3 Qxd1 11. Rxd1 Ne4 {[%emt 0:00:06] E05: Open Catalan: 5 Nf3 Be7.} ({Black should try} 11... b5 $14 12. Be3 Bxe3 13. Nxe3 Bb7) 12. e3 {[%emt 0:04:31] [#]} (12. Be3 $16) 12... Be7 $146 ({Predecessor:} 12... Rd8 13. Rxd8+ Nxd8 14. Nfe5 Nd6 15. b4 Nxc4 16. Nxc4 Be7 17. Bb2 Bd7 18. Na5 Bc6 19. Nxc6 bxc6 20. Rc1 a5 21. b5 Rb8 22. a4 cxb5 23. Be5 Rb6 24. Bc7 Ra6 25. axb5 {1-0 (25) Tuominen,R (2272)-Fjellengen,B (1899) Copenhagen 2007}) 13. b4 (13. Ne1 $5 f5 14. b4 $16) 13... Bf6 {[%emt 0:00:29] White now steadily converts the win.} (13... Nc3 $14) 14. Bb2 $16 Bxb2 15. Nxb2 a5 (15... Nc3 $16) 16. b5 $18 Ne7 17. Rac1 {[%emt 0:03:51] Prevents Nc3.} Nd5 18. Na4 {[%emt 0:04:27] Prevents Ndc3.} Rb8 19. Ne5 {[%emt 0:04:32] Inhibits Bd7.} Nef6 (19... f6 {was necessary.} 20. Bxe4 fxe5) 20. e4 Ne7 21. Nb6 Ng6 22. f4 (22. Nxc8 Rfxc8 23. Rxc8+ Rxc8 $16) 22... Nxe5 23. fxe5 ({And not} 23. Nxc8 Rfxc8 24. fxe5 Ng4 $17) 23... Ng4 24. Rc5 ({Weaker is} 24. Nxc8 Rfxc8 25. b6 Ne3 $17) 24... f6 25. Rdc1 Nxe5 26. Rxc8 ({Less strong is} 26. Nxc8 Nd3 $18) 26... Rbxc8 27. Rxc8 Rxc8 28. Nxc8 Nc4 29. Bf1 {[%emt 0:01:05] Weighted Error Value: White=0.10 (very precise) /Black=0.45} 1-0

[Event "Hungarian Youth-ch U14 2022"]
[Site "Eger"]
[Date "2022.07.23"]
[Round "1.3"]
[White "Gergely, Daniel"]
[Black "Csernyik, Mark"]
[Result "1/2-1/2"]
[ECO "E70"]
[WhiteElo "2053"]
[BlackElo "2022"]
[Annotator "TA"]
[PlyCount "97"]
[EventDate "2022.07.21"]
[EventType "tourn"]
[EventCountry "HUN"]
[SourceTitle "playchess.com"]
[Source "ChessBase"]
[SourceQuality "1"]
[TimeControl "40/5400+30:1800+30"]

1. d4 Nf6 2. c4 g6 3. Nc3 Bg7 4. e4 d6 5. Bg5 O-O 6. Qd2 a5 {[%emt 0:16:30] E70: King's Indian: Miscellaneous lines with 4 e4, including 5 Nge2 and 5 Bd3 0-0 6 Nge2.} 7. Be2 c6 8. Nf3 {[%emt 0:08:29] [#]} Bg4 $146 {[%emt 0:05:49][%cal Oe7e5] White is slightly better.} ({Predecessor:} 8... a4 9. O-O Qa5 10. h3 Nbd7 11. Rfe1 e5 12. Bf1 Re8 13. d5 cxd5 14. cxd5 Nc5 {½-½ (39) Motuz,K (2336)-Bezuch,M (2237) Slovakia 2015}) 9. h3 Bxf3 10. Bxf3 e5 11. d5 Qc7 12. h4 Nbd7 13. h5 Nb6 14. Be2 Rac8 15. h6 Bh8 16. O-O cxd5 17. cxd5 Nc4 {[%emt 0:00:56] Prevents Qe3.} 18. Bxc4 Qxc4 19. f3 (19. Qe3 $16) 19... b5 (19... Nd7 $14) 20. Rfc1 b4 21. Na4 $36 {[%emt 0:03:58][%mdl 2048] White is on the roll.} Qa6 22. b3 Nd7 (22... Nh5 $16 {is a better defense.} 23. Rc6 Rxc6 24. dxc6 Qxc6) 23. Be7 (23. Rc6 $1 $18 {[%cal Rc6a6] and the rest is easy.} Rxc6 24. dxc6 Qxc6 25. Rc1) 23... Rxc1+ (23... Rfe8 $16 24. Rxc8 Rxc8) 24. Rxc1 $18 ({Weaker is} 24. Qxc1 Rc8 25. Qf1 Qa7+ 26. Qf2 Qxf2+ 27. Kxf2 Bf6 28. Bxf6 (28. Bxd6 Bg5 $14) 28... Nxf6 $14) 24... Re8 25. Bg5 (25. Bh4 $1 $18) 25... Rc8 $16 {[%emt 0:01:30] Prevents Rc6.} 26. Rc2 {[%emt 0:04:04] White is more active.} (26. Kh2 $16) 26... f6 (26... Bf6 $1 $14 27. Be3 Bd8) 27. Be3 Kf7 $2 (27... f5 28. exf5 gxf5) 28. Qc1 $18 Rxc2 29. Qxc2 Ke7 (29... Nf8 $142 30. Nb6 Qa7) 30. Qc4 $2 (30. Qc7 $18 {is the precise move to win. White threatens Nb6 and mate.} Qa8 31. Nb6) 30... Qxc4 $16 31. bxc4 {[%emt 0:00:06][%mdl 4096] Endgame Black must now prevent g4. KBN-KBN} f5 32. c5 ({White should try} 32. Kf2 $1 $16) 32... dxc5 (32... fxe4 $11 33. fxe4 Nf6) 33. Nxc5 $14 Nxc5 ({Better is} 33... Nb6 $14) 34. Bxc5+ $11 {[%emt 0:00:07] KB-KB} Kd7 35. Kf2 {[%emt 0:01:29] aiming for Ke3.} Bf6 36. Ke2 $1 Bg5 {[%emt 0:01:29] [#]} 37. Bf8 $1 a4 38. Bxb4 {[%emt 0:00:21] And now Bf8 would win.} Bxh6 39. Kd3 fxe4+ 40. fxe4 Bc1 {[%emt 0:00:00] [#]} (40... Bg7 $16 {was necessary.}) 41. Kc4 (41. Kc2 $1 $18 {[%cal Rc2c1] is more deadly.} Bg5 42. Kb2) 41... h5 $16 42. a3 (42. Bc3 $16) 42... g5 $11 43. Kb5 g4 (43... h4 $1 $11 44. Kxa4 g4) 44. g3 ({Reject} 44. Kxa4 h4 45. Bc5 Bb2 $15) 44... h4 {[%emt 0:01:58] The position is equal.} 45. gxh4 {[%emt 0:03:24] Threatens to win with Bc5.} g3 46. Be1 g2 47. Bf2 Bxa3 (47... Bb2 $5 48. Bg1 Bxa3 49. Kxa4 Bb2 $11) 48. Kxa4 Bb2 {[%emt 0:00:20] ( -> ...Bd4)} 49. Bg1 $1 {[%emt 0:00:28] White really could win this.  Weighted Error Value: White=0.38/Black=0.35} 1/2-1/2

[Event "Hungarian Youth-ch U14 2022"]
[Site "Eger"]
[Date "2022.07.23"]
[Round "1.4"]
[White "Kolimar, Kristof Pal"]
[Black "Matyassy, Lazar"]
[Result "1-0"]
[ECO "D85"]
[WhiteElo "2160"]
[BlackElo "2132"]
[Annotator "TA"]
[PlyCount "105"]
[EventDate "2022.07.21"]
[EventType "tourn"]
[EventCountry "HUN"]
[SourceTitle "playchess.com"]
[Source "ChessBase"]
[SourceQuality "1"]
[TimeControl "40/5400+30:1800+30"]

1. d4 Nf6 2. c4 g6 3. Nc3 d5 4. cxd5 Nxd5 5. e4 Nxc3 6. bxc3 Bg7 7. Qa4+ {[%emt 0:00:04] 7.Nf3 gains popularity.} c6 8. Nf3 O-O {[%emt 0:00:13][%cal Oc6c5] D90: Grünfeld: 4 Nf3 Bg7 sidelines.} 9. Be2 Bg4 10. O-O {[%emt 0:00:31] [#]} e5 $146 {[%emt 0:08:05] White is slightly better.} ({Predecessor:} 10... Nd7 11. Bg5 h6 12. Bh4 Re8 13. h3 Bxf3 14. Bxf3 Qc7 15. e5 e6 16. Rab1 a6 {1-0 (66) Nesterov,A (2514)-Ovchinnikov,V (2426) Chess.com INT 2021}) 11. Rd1 exd4 12. cxd4 {[%emt 0:00:33] With the idea Rb1.} Re8 13. Bg5 Qc7 (13... Qc8 $14) 14. Qc2 $1 $16 Qa5 {[%emt 0:02:29] Hoping for ...Bxf3.} 15. Bd2 Qc7 16. Be3 Nd7 17. h3 Bxf3 18. Bxf3 Rad8 19. Rac1 Qb8 ({Black should play} 19... Qa5) 20. a4 Nf8 21. Qc4 Nd7 22. a5 a6 23. Rb1 {[%emt 0:02:44] White is more active.} Nf6 (23... c5 $16 {was worth a try.}) 24. d5 $18 Nd7 (24... cxd5 $142 25. exd5 Nd7) 25. Qb4 (25. dxc6 $6 Ne5 26. Qb3 Nxc6 $16) 25... cxd5 26. exd5 (26. Rxd5 $6 Nf6 $16) 26... Rxe3 27. fxe3 Qe5 28. Qf4 (28. Qxb7 Qxe3+ 29. Kh1 Be5) 28... Qc3 29. Rdc1 Qa3 30. Be4 (30. Qc7 $18 Qxe3+ 31. Kh1) 30... Re8 {[%emt 0:00:22] [#]} (30... Be5 $1 $14 31. Qh4 Qxe3+ 32. Kh1 Rb8) 31. Rf1 $1 ({Avoid the trap} 31. Rc7 $2 Be5 32. Qf2 Bxc7 $19) 31... f5 32. Bf3 {[%emt 0:00:40] Strongly threatening Qc7.} Be5 {[%emt 0:00:14] Against Qc7} 33. Qg5 Bf6 34. Qf4 Be5 35. Qb4 (35. Qh6 $18 {is more deadly.}) 35... Qxe3+ $16 36. Kh1 {[%emt 0:00:00] Black must now prevent d6.} Qg5 $1 {[%emt 0:00:12] ( -> ...Qg3)} 37. Qe1 (37. Qxb7 $2 {[#] leads to mate.} Qg3 $1 38. Kg1 Qh2+ 39. Kf2 Bg3#) 37... Nf6 {[%emt 0:00:38] Black is on the road to losing.} 38. h4 ({Resist} 38. Rxb7 Bg3 39. Qc3 Be5) 38... Qf4 39. g3 $1 $36 {[%emt 0:00:01][%mdl 2048] Keeping Black busy.} Qxg3 (39... Qc4 $16 {keeps fighting.}) 40. Qxg3 $18 Bxg3 41. Rxb7 Rd8 (41... Bxh4 $142 42. Ra7 h5 43. Rxa6 Kg7) 42. Rb6 Bxh4 43. Rxa6 {[%emt 0:01:06] aiming for Rc6.} Kg7 44. Rd1 g5 $2 (44... Nd7 45. Kg2 g5) 45. d6 {[%emt 0:04:37] White is clearly winning.} g4 46. Ra8 gxf3 47. Rxd8 Ne4 48. Rd7+ Kh6 49. Rf1 Ng3+ 50. Kg1 Ne2+ 51. Kh2 {[%emt 0:00:03] Threatening mate with a6.} Kg5 52. Rxf3 {[%emt 0:00:10] a6 would kill now.} Kg4 53. Re3 {[%emt 0:00:34] Weighted Error Value: White=0.15 (very precise) /Black=0.35} 1-0

[Event "Hungarian Youth-ch U14 2022"]
[Site "Eger"]
[Date "2022.07.23"]
[Round "1.5"]
[White "Szakmary, Domonkos"]
[Black "Turcsanyi, Vince Gergo"]
[Result "0-1"]
[ECO "C71"]
[WhiteElo "1967"]
[BlackElo "2117"]
[Annotator "TA"]
[PlyCount "46"]
[EventDate "2022.07.21"]
[EventType "tourn"]
[EventCountry "HUN"]
[SourceTitle "playchess.com"]
[Source "ChessBase"]
[SourceQuality "1"]
[TimeControl "40/5400+30:1800+30"]

1. e4 e5 2. Nf3 Nc6 3. Bb5 a6 4. Ba4 d6 5. c4 f5 (5... Bg4 $11 {remains equal.}) 6. exf5 $16 {[%emt 0:00:34] C71: Ruy Lopez: Deferred Steinitz Variation, sidelines.} Bxf5 7. O-O Be7 {[%emt 0:29:06] [#]} 8. d4 $146 {[%emt 0:02:39] White is better.} ({Predecessor:} 8. Re1 Nf6 9. d4 e4 10. d5 exf3 11. dxc6 b5 12. cxb5 axb5 13. Bb3 d5 14. Qxf3 {½-½ (26) Thilakarathne,G (2209)-Setyaki,A (2336) Puchong 2018}) 8... e4 {[%emt 0:04:21] [#]} (8... Bd7 $16) 9. Nfd2 (9. d5 $1 $18 exf3 10. Qxf3 (10. dxc6 b5 $16)) 9... d5 10. cxd5 ({White should play} 10. Nc3 $16) 10... Qxd5 $14 11. Nc3 Qxd4 {[%emt 0:02:54] [#]} 12. Ndxe4 $1 O-O-O 13. Bxc6 Qxd1 14. Rxd1 (14. Nxd1 $5 bxc6 15. Ng5 $11) 14... Rxd1+ 15. Nxd1 {[%emt 0:00:03][%cal Oe4g3] aiming for Ng3! Pair of Knights!} bxc6 16. Ndc3 Nf6 17. Ng3 Bg6 18. Be3 Rd8 19. Rd1 Nd5 20. Bd4 $2 (20. Nge4 $11 {and White has nothing to worry.}) 20... Nxc3 $19 {[%emt 0:00:52] Black is clearly winning.} 21. bxc3 c5 22. Re1 cxd4 23. Rxe7 d3 {[%emt 0:00:36] Weighted Error Value: White=0.89/Black=0.18 (very precise)} (23... dxc3 $142 24. f3 c2) 0-1

[Event "Hungarian Youth-ch U14 2022"]
[Site "Eger"]
[Date "2022.07.23"]
[Round "1.6"]
[White "Kovacs, Reka"]
[Black "Lazsadi, Kerka Lilla"]
[Result "1-0"]
[ECO "C02"]
[WhiteElo "1716"]
[BlackElo "1674"]
[Annotator "NA RC COMBH"]
[PlyCount "67"]
[EventDate "2022.07.21"]
[EventType "tourn"]
[EventCountry "HUN"]
[SourceTitle "playchess.com"]
[Source "ChessBase"]
[SourceQuality "1"]
[TimeControl "40/5400+30:1800+30"]

1. e4 e6 2. d4 d5 3. e5 c5 4. c3 Nc6 5. Nf3 Bd7 6. Be2 Nh6 7. Na3 cxd4 8. cxd4 f6 9. O-O Nf7 10. Bf4 Be7 11. Nc2 O-O 12. Qd2 fxe5 13. Nxe5 Nfxe5 14. dxe5 Qb6 15. Rab1 Nb4 16. Be3 Qa5 17. Nd4 Qc7 18. a3 Nc6 19. f4 Nxd4 20. Qxd4 b6 21. Rbc1 Bc5 22. Qc3 Bxe3+ 23. Qxe3 Qd8 24. Rc3 Rc8 25. Rfc1 Qe7 26. Rc7 Rxc7 27. Rxc7 Rc8 28. Rxa7 d4 29. Qxd4 Rc1+ 30. Kf2 Qh4+ 31. Ke3 Qxh2 32. Ra8+ Bc8 33. Qd8+ Kf7 34. Ra7+ 1-0

[Event "Hungarian Youth-ch U14 2022"]
[Site "Eger"]
[Date "2022.07.23"]
[Round "1.7"]
[White "Nandin-Erdene, Davaademberel"]
[Black "Toth, Timea"]
[Result "0-1"]
[ECO "B38"]
[WhiteElo "1789"]
[BlackElo "1964"]
[Annotator "TA"]
[PlyCount "61"]
[EventDate "2022.07.21"]
[EventType "tourn"]
[EventCountry "HUN"]
[SourceTitle "playchess.com"]
[Source "ChessBase"]
[SourceQuality "1"]
[TimeControl "40/5400+30:1800+30"]

1. e4 c5 2. Nf3 Nc6 3. d4 cxd4 4. Nxd4 g6 5. c4 Bg7 6. Be3 Nf6 7. Nc3 O-O 8. Be2 d6 9. O-O Bd7 10. f3 a5 {[%emt 0:01:50] B38: Sicilian: Maroczy Bind with 5...Bg7 and 7...0-0.} 11. b3 (11. Ndb5 $16) 11... Re8 {[%emt 0:02:38] [#]} ({Black should play} 11... a4 $14) 12. Qd2 (12. Ndb5 $1 $16) 12... Nxd4 $14 {[%emt 0:00:06] White is slightly better.} 13. Bxd4 Bc6 14. Rfd1 Nd7 15. Be3 Qb8 16. Rab1 Nc5 17. a3 {[%emt 0:02:55] [#]} Rd8 $146 ({Predecessor:} 17... Be5 18. b4 axb4 19. axb4 Ra3 20. bxc5 Rxc3 21. cxd6 Qxd6 22. Qxc3 Qxd1+ 23. Rxd1 Bxc3 24. Rd3 {½-½ (24) Eklund,L (2417)-Andeer,S (2448) ICCF email 2007}) 18. b4 (18. Bg5 $14) 18... axb4 19. axb4 Na4 20. Nxa4 Bxa4 21. Rdc1 b5 22. Bd4 Bxd4+ 23. Qxd4 bxc4 24. Qxc4 {[%emt 0:06:06] Strongly threatening b5.} (24. b5 $5) 24... Qb6+ 25. Kh1 Rdc8 $2 (25... Be8 $11 {and Black is okay.}) 26. Qxc8+ $18 Rxc8 27. Rxc8+ Kg7 28. b5 {[%emt 0:03:04][%cal Bb4b5,Bb5b6,Bb6b7][%mdl 32] Prevents Bc6.} Qf2 $2 {[%emt 0:06:13] [#]} (28... h5 29. Rc4 Bxb5) 29. b6 $1 {[%emt 0:11:52] White is clearly winning.} Qxe2 (29... Bd1 30. h3) 30. Rcc1 {[%emt 0:01:33] Hoping for b7.} Qa6 31. b7 {[%emt 0:00:14][%mdl 32768] Weighted Error Value: White=0.32/Black=0.59. Loss on time!?} 0-1

[Event "Hungarian Youth-ch U14 2022"]
[Site "Eger"]
[Date "2022.07.23"]
[Round "1.9"]
[White "Horvath, Greta"]
[Black "Szarvas, Nora Orsolya"]
[Result "1/2-1/2"]
[ECO "B63"]
[WhiteElo "1346"]
[BlackElo "1692"]
[Annotator "NA RC COMBH"]
[PlyCount "57"]
[EventDate "2022.07.21"]
[EventType "tourn"]
[EventCountry "HUN"]
[SourceTitle "playchess.com"]
[Source "ChessBase"]
[SourceQuality "1"]
[TimeControl "40/5400+30:1800+30"]

1. e4 c5 2. Nf3 d6 3. d4 cxd4 4. Nxd4 Nf6 5. Nc3 Nc6 6. Bg5 e6 7. Qd2 Be7 8. Nxc6 bxc6 9. O-O-O O-O 10. Bxf6 Bxf6 11. Qxd6 Qb6 12. Qg3 Rb8 13. b3 Bxc3 14. Qxc3 Qxf2 15. Qd4 Qf4+ 16. Kb1 Rb7 17. Bd3 Rd7 18. Qc5 Qc7 19. g3 Rfd8 20. Be2 h6 21. Rd3 Rxd3 22. cxd3 e5 23. Rc1 Bd7 24. Rc4 a5 25. Ra4 Ra8 26. b4 Qb7 27. Rxa5 Rxa5 28. Qxa5 Kh7 29. a3 1/2-1/2

[Event "Hungarian Youth-ch U14 2022"]
[Site "Eger"]
[Date "2022.07.23"]
[Round "1.10"]
[White "Beznicza, Mira"]
[Black "Eros, Vivien"]
[Result "1/2-1/2"]
[ECO "B26"]
[WhiteElo "1608"]
[BlackElo "1599"]
[Annotator "NA RC COMBH"]
[PlyCount "65"]
[EventDate "2022.07.21"]
[EventType "tourn"]
[EventCountry "HUN"]
[SourceTitle "playchess.com"]
[Source "ChessBase"]
[SourceQuality "1"]
[TimeControl "40/5400+30:1800+30"]

1. e4 c5 2. Nc3 Nc6 3. g3 g6 4. Bg2 Bg7 5. d3 d6 6. Be3 Nf6 7. h3 Bd7 8. Qd2 Nd4 9. Nge2 e5 10. Nd1 Nxe2 11. Qxe2 h5 12. Bg5 Qc8 13. Nc3 b5 14. Bxf6 Bxf6 15. Nd5 Bg7 16. Qf3 Qd8 17. O-O Be6 18. Ne3 Qd7 19. Nd5 Bxd5 20. exd5 O-O 21. g4 hxg4 22. hxg4 f5 23. Bh3 Qe7 24. gxf5 gxf5 25. Qh5 Qf7 26. Qxf7+ Rxf7 27. f4 exf4 28. Rxf4 Bxb2 29. Rb1 Bd4+ 30. Kg2 Rg7+ 31. Kh1 Rh7 32. Kg2 Rg7+ 33. Kh1 1/2-1/2

[Event "Hungarian Youth-ch U14 2022"]
[Site "Eger"]
[Date "2022.07.24"]
[Round "2.1"]
[White "Szegedy, Matyas"]
[Black "Turcsanyi, Vince Gergo"]
[Result "1-0"]
[ECO "C87"]
[WhiteElo "2152"]
[BlackElo "2117"]
[Annotator "TA"]
[PlyCount "139"]
[EventDate "2022.07.21"]
[EventType "tourn"]
[EventCountry "HUN"]
[SourceTitle "playchess.com"]
[Source "ChessBase"]
[SourceQuality "1"]
[TimeControl "40/5400+30:1800+30"]

1. e4 e5 2. Nf3 Nc6 3. Bb5 a6 4. Ba4 d6 5. O-O Nf6 6. Re1 Be7 7. c3 O-O 8. h3 {[%emt 0:00:59] 8.d4 might become the main line.} Re8 9. d4 Bd7 10. d5 {[%emt 0:03:01] C87: Closed Ruy Lopez: Steinitz-type lines after 6 Re1 d6.} Nb8 11. c4 {[%emt 0:05:05] [#]} a5 $146 ({Predecessor:} 11... Bxa4 12. Qxa4 Nbd7 13. Nc3 Bf8 14. Be3 a5 15. Qc2 Nh5 16. a3 Nf4 17. b4 Qf6 {0-1 (35) Kollars,D (2549)-Martirosyan,H (2597) Chess.com INT 2018}) 12. Nc3 {[%emt 0:01:34] White is slightly better.} Na6 13. Be3 b6 14. Bc2 {[%emt 0:03:04] White is more active.} c6 15. Qe2 cxd5 16. cxd5 Qb8 17. Rec1 Nc5 18. a4 Qb7 19. Rab1 Na6 (19... Qa6 $14) 20. Bd3 Nb4 21. Bb5 Rac8 22. Nd2 Bxb5 23. Qxb5 Nd7 24. Nc4 Rb8 $1 {[%emt 0:00:07] [#]} 25. Bxb6 $1 Nxb6 26. Nxa5 Qa8 27. Qxb4 Nxd5 $1 28. Qc4 Nxc3 (28... Nb4 $1 $14 29. Nb3 Bg5) 29. Qxc3 $16 {[%emt 0:00:02] Hoping for Nc6.} Bg5 30. Rd1 Qxe4 {[%emt 0:00:18] [#]} 31. Nc4 ({White should play} 31. Qc4 $1 $16 d5 32. Qxe4 dxe4 33. Nc4) 31... Be7 32. a5 d5 33. Nb6 ({Don't blunder} 33. Nxe5 $2 Bb4 34. Qf3 Qxe5 $19) 33... Bb4 34. Qc6 Bxa5 35. Nxd5 Qg6 {[%emt 0:00:26] Against Nf6+} 36. Qc5 Bd8 37. b4 {[%emt 0:00:08] Threatens to win with b5.} h6 38. b5 {[%emt 0:00:16] aiming for b6.} (38. Qa7 $5 Bh4 39. Qe3 $14) 38... Bb6 39. Qc6 Re6 40. Qd7 {[%emt 0:00:00] Strongly threatening Ne7+.} Qc2 41. Nxb6 Rexb6 42. Rdc1 Qg6 (42... Qe4 {is interesting.} 43. Rb3 g6 44. Rc8+ Rxc8 45. Qxc8+ Kg7) 43. Rb2 Qd6 {[%emt 0:21:56] Inhibits Rc5.} 44. Qxd6 (44. Rc8+ {with more complications.} Rxc8 45. Qxc8+ Kh7 46. Qc2+) 44... Rxd6 $11 {[%emt 0:00:03][%mdl 4096] Endgame KRR-KRR} 45. Rc5 f6 46. f3 Kf7 47. Rc7+ Kg6 48. Kf2 Rbb6 49. g4 f5 50. Rc5 Kf6 51. Re2 Re6 52. Ke3 Red6 53. gxf5 {[%emt 0:00:38] Black must now prevent Rg2.} Kxf5 54. f4 g5 $2 {[%emt 0:00:31][%mdl 8192] Loses the game.} (54... Rd1 $16) 55. fxe5 $18 Re6 56. Rf2+ Kg6 57. Ke4 {[%emt 0:00:30] And now Kd5 would win.} h5 (57... Kh5 $142 58. Kd5 Re8) 58. Kd5 {[%emt 0:00:51] White threatens Rc6 and mate.} g4 59. hxg4 (59. Rc6 $142 Rexc6 60. bxc6) 59... hxg4 60. Rc6 {[%emt 0:04:47] White mates.} Rexc6 61. bxc6 {[%emt 0:00:08] KR-KR} Rb1 62. c7 Rd1+ 63. Ke6 Rc1 64. Kd7 Rd1+ 65. Ke7 Rc1 66. Rf6+ Kg5 67. Kd7 g3 68. c8=Q Rxc8 69. Kxc8 g2 {[%emt 0:00:05] [#]} 70. Rf8 $1 {[%emt 0:00:02] Weighted Error Value: White=0.16 (very precise) /Black=0.40} 1-0

[Event "Hungarian Youth-ch U14 2022"]
[Site "Eger"]
[Date "2022.07.24"]
[Round "2.2"]
[White "Matyassy, Lazar"]
[Black "Szakmary, Domonkos"]
[Result "1-0"]
[ECO "B30"]
[WhiteElo "2132"]
[BlackElo "1967"]
[Annotator "TA"]
[PlyCount "139"]
[EventDate "2022.07.21"]
[EventType "tourn"]
[EventCountry "HUN"]
[SourceTitle "playchess.com"]
[Source "ChessBase"]
[SourceQuality "1"]
[TimeControl "40/5400+30:1800+30"]

1. e4 c5 2. Nf3 Nc6 3. Nc3 Nf6 4. Bb5 Nd4 5. e5 Nxb5 6. Nxb5 Nd5 7. O-O a6 {[%emt 0:03:29] B30: Sicilian: 2...Nc6 3 Bb5, lines without ...g6.} 8. Nc3 e6 9. Nxd5 exd5 {[%emt 0:00:06] White is slightly better.} 10. d4 c4 {[%emt 0:02:42] [#]} 11. Bg5 $146 ({Predecessor:} 11. Ng5 Be7 12. Qh5 Bxg5 13. Bxg5 Qb6 14. Qh4 O-O 15. Bf6 Kh8 16. Rae1 Rg8 17. Re3 {1-0 (37) Lazov,T (2428)-Stefanovski,D (2264) Struga 2021}) 11... Be7 12. Qd2 O-O 13. Bxe7 Qxe7 14. Rfe1 b5 15. Qa5 Rb8 16. a3 f6 17. Qb4 Qe6 18. exf6 Qxf6 19. Qc5 Kh8 20. Qc7 Rb6 21. Re2 Rc6 22. Qe5 Re6 23. Qxf6 Rexf6 24. Nd2 d6 25. Nf1 Rf4 26. c3 $1 Re4 27. Rxe4 dxe4 $16 {[%emt 0:00:03][%mdl 4096] Endgame KRB-KRN} 28. d5 Bb7 29. Ne3 Re8 (29... g6 $142) 30. a4 {[%emt 0:01:06] Black must now prevent axb5.} h6 (30... Ra8 $16 31. h4 h6) 31. axb5 $18 axb5 32. Ra7 Rb8 33. h3 (33. h4 $18) 33... Kh7 34. g4 Kg6 {[%emt 0:00:31] [#]} 35. Kg2 (35. Ra5 $1 $16 Bc8 36. Kg2) 35... Kf6 $14 36. Ra5 Ba8 $1 37. Ra7 {[%emt 0:00:41] Kg3 is the strong threat.} Bb7 38. Nf5 ({White should play} 38. h4 $1 $14) 38... g6 $11 39. Nxd6 Bxd5 40. Kg3 ({Better is} 40. Kg1 $11) 40... Ke5 (40... Ke6 $1 $15 41. Nf7 Rf8 42. Nxh6 Rf3+ 43. Kh4 (43. Kg2 $2 e3 $19) 43... Ke5) 41. Nf7+ $1 Bxf7 42. Rxf7 {[%emt 0:00:16] KR-KR} Rd8 43. Rb7 Rd3+ 44. Kg2 Rd5 45. Rb6 g5 46. Rb8 Kf6 47. Kf1 Rd3 48. Rb6+ Kg7 49. Rxb5 {[%emt 0:00:14] Threatens to win with Re5.} Rxh3 50. Re5 Rh1+ 51. Ke2 Rb1 52. Rxe4 Rxb2+ 53. Ke3 Rc2 $2 (53... h5 $1 $11 {and Black has nothing to worry.}) 54. Rxc4 $18 Kf6 $2 (54... Rc1 55. Rc6 Kf7) 55. Rc5 {[%emt 0:00:45] aiming for c4.} Ke6 56. f3 Kd6 57. Rc8 $2 (57. Kd3 $18 {and White stays clearly on top.} Rf2 58. Rf5) 57... Ke5 $2 {[%emt 0:00:09][%mdl 8192] This move loses the game for Black.} (57... Ke6 $16 58. Kd3 Rf2) 58. Kd3 {[%emt 0:00:29] White is clearly winning.} Rf2 59. Rf8 Rf1 60. Rf5+ Ke6 61. Kd4 {[%emt 0:00:47] And now c4 would win.} Rd1+ 62. Kc5 Rd8 {[%emt 0:00:11] [#]} 63. c4 $1 {[%emt 0:00:37] Strongly threatening Kb6.} Rc8+ 64. Kd4 Rd8+ 65. Rd5 Rf8 66. Re5+ Kd7 67. Rf5 Rh8 68. Kd5 h5 69. gxh5 Rxh5 70. f4 {[%emt 0:00:06] Weighted Error Value: White=0.27 (precise) /Black=0.20 (precise)} 1-0

[Event "Hungarian Youth-ch U14 2022"]
[Site "Eger"]
[Date "2022.07.24"]
[Round "2.3"]
[White "Csernyik, Mark"]
[Black "Kolimar, Kristof Pal"]
[Result "1/2-1/2"]
[ECO "B43"]
[WhiteElo "2022"]
[BlackElo "2160"]
[Annotator "TA"]
[PlyCount "54"]
[EventDate "2022.07.21"]
[EventType "tourn"]
[EventCountry "HUN"]
[SourceTitle "playchess.com"]
[Source "ChessBase"]
[SourceQuality "1"]
[TimeControl "40/5400+30:1800+30"]

1. e4 c5 2. Nf3 e6 3. d4 cxd4 4. Nxd4 a6 5. Nc3 b5 6. Be3 Bb7 7. Bd3 d6 8. O-O Nf6 9. a3 Nbd7 {[%emt 0:00:11] B42: Sicilian: Kan Variation: 5 Bd3.} 10. f3 Be7 11. Qe2 O-O {[%emt 0:00:34] The position is equal.} 12. Rad1 Rc8 {[%emt 0:02:22] [#]} 13. Rf2 $146 ({Predecessor:} 13. f4 Rxc3 14. bxc3 Nxe4 15. Bxe4 Bxe4 16. Qg4 f5 17. Qh3 Rf6 18. Rd2 Rh6 19. Nxe6 Rxh3 20. Nxd8 Rxe3 {0-1 (25) Cetinkaya,E (1828)-Erdogdu,M (2434) Antalya 2008}) 13... d5 14. exd5 Nxd5 15. Nxd5 Bxd5 16. a4 Nc5 17. axb5 {[%emt 0:03:25] [#] Strongly threatening Nc6.} Nxd3 18. cxd3 axb5 (18... Qa5 {seems wilder.} 19. Qe1 Bb4 20. Bd2 Bxd2 21. Qxd2 Qa4) 19. Nxb5 Bb3 {[%emt 0:00:10] This bishop pair is nice.} 20. Re1 Bf6 {[%emt 0:12:38][%mdl 1024] Black has compensation.} 21. Na3 Qd5 22. Qf1 Rfd8 23. Rd2 Be7 {[%emt 0:00:33] White must now prevent ...Bb4.} 24. Nc4 {[%emt 0:03:40] [#]} (24. Nb1 $1 $11) 24... Bb4 (24... Qf5 $1 $17 {...Bb4 is the strong threat.} 25. g4 Qg6) 25. Nb6 $1 $11 Qb7 (25... Qa5 $5 26. Nxc8 Bxd2 $11) 26. Nxc8 Bxd2 27. Bxd2 Rxc8 {[%emt 0:00:02] Weighted Error Value: White=0.17 (very precise) /Black=0.18 (very precise)} 1/2-1/2